[Event "Norway Chess 2025"]
[Site "Chess.com"]
[Date "2025.05.27"]
[Round "2"]
[White "Erigaisi Arjun"]
[Black "Gukesh D"]
[Result "1-0"]
[ECO "E20"]
[WhiteElo "2782"]
[BlackElo "2787"]
[Annotator "Rafael Leitao"]
[PlyCount "123"]
[EventDate "2025.??.??"]
[TimeControl "40/7200:0"]

1. d4 Nf6 2. c4 e6 3. Nc3 Bb4 4. g3 O-O 5. Bg2 d5 6. a3 $5 {White usually develops the knight to f3 first and only then thinks about attacking the bishop. The move in the game has already been played at a high level, but it allows Arjun to demonstrate his well-known creativity early on.} Bxc3+ {The natural reply.} (6... Be7 {can also be played, with a Catalan position with the pawn on a3, which should probably be useful for White.}) 7. bxc3 dxc4 {Black simply captures the pawn, certainly a critical choice. Other plans are also possible.} (7... c6 {with the idea of …b6-Ba6 and capturing with the c-pawn if White exchanges on d5.}) (7... c5 {goes for immediate tension in the center. Giving the level of opening preparation by Arjun, he certainly has all these options carefully studied. He played his first moves very quickly, showing confidence.}) 8. a4 $5 {This is almost a new move. White prepares to develop the bishop to a3.} (8. Nf3 c5 9. O-O cxd4 10. Qxd4 Nc6 11. Qxc4 e5 {was fine for Black in Carlsen-Niemann, Sinquefield Cup Saint Louis 2022.}) ({RR} 8. Nf3 c5 9. O-O cxd4 10. Qxd4 Nc6 11. Qxc4 e5 12. Bg5 h6 13. Rfd1 Be6 14. Rxd8 Bxc4 15. Rxa8 Rxa8 16. Bxf6 gxf6 17. Kf1 Rd8 18. Ke1 Na5 19. Rd1 Rc8 20. Nd2 Be6 21. c4 Bxc4 22. Nxc4 Rxc4 {Carlsen,M (2861)-Niemann,H (2688) Saint Louis 2022 0-1 (57)}) 8... c5 (8... Nc6 {is another possible idea, going with the knight to a5, protecting the extra pawn on c4. White will try to prove compensation with the pair of bishops and the strong center.}) ({RR} 8... Re8 9. Nf3 c5 10. Ne5 Qa5 11. Qd2 Qa6 12. O-O Nbd7 13. f4 cxd4 14. cxd4 Nd5 15. e4 Ne7 16. Qc3 Nxe5 17. fxe5 Ng6 18. h4 Bd7 19. h5 Nh8 20. a5 b6 21. h6 Rec8 22. Qf3 Be8 23. Bg5 {Bronstein,O (2443)-Cieslak,P (2442) Ceske Budejovice CZE 2025 ½-½ (57)}) 9. Ba3 $146 {A novelty. In a previous game 9.a5 had been played. I suppose the main idea is to prevent the queen from using this square, but the move seems too slow.} (9. a5 $2) ({RR} 9. a5 Na6 10. Nf3 Nd5 11. Bb2 Bd7 12. e4 Ne7 13. O-O Rc8 14. Ne5 Bb5 15. d5 Qd6 16. Ng4 exd5 17. exd5 Rcd8 18. Ne3 Nc7 19. Qh5 Ncxd5 20. Rfd1 Bc6 21. Nxc4 Qc7 22. Nd2 b6 23. c4 Nb4 {Lekic,D (2425)-Lirindzakis,T (2235) Anogia 2015 1-0 (32)}) 9... Qa5 $1 {An excellent move, attacking the pawn on c3 and starting counterplay. Naturally, White had foreseen this move in his preparations and continued playing quickly.} 10. Qc2 Rd8 {Although this is an acceptable move, I believe this position is a good time for anyone looking for an improvement in Black's opening play.} (10... Re8 $5 {The rook doesn't capture on d4 now, but helps to advance the center after} 11. Bxc5 e5 {With the opening of the e-file and the idea of Bf5, sacrificing the bishop to take on c3, it looks like Black has plenty of activity.}) 11. Bxc5 Na6 {Although not a mistake, I don't like this move so much. It seems to me that Black has some practical problems after White's next move.} (11... Nc6 {is a possible alternative:} 12. Bxc6 (12. Nf3 Ne4 $1) 12... bxc6 {This looks better for White, but the computer is not a bit afraid.}) (11... Nd5 {is also a good move.} 12. Nf3 (12. Bxd5 exd5 {is better for Black.}) 12... Na6 13. Ba3 Qxc3+ 14. Qxc3 Nxc3 15. Nd2 {with compensation for the pawn - Black should be careful here.}) 12. Be7 $1 Rxd4 13. Nf3 Rd7 14. Bxf6 gxf6 15. Nd2 {Despite being down a pawn, White has compensation thanks to Black's weakened structure and the strong bishop on g2.} Qc7 {Protecting the pawn on c7, but doing so with the rook had its merits.} (15... Rc7 {The queen stands well on a5 and the bishop can be developed quickly to d7. This also prevents the move White plays in the game.}) 16. a5 $5 {Gaining space on the queenside and preparing the attack on the c4-pawn with Ra4 later.} Rb8 {Necessary in order to push the b-pawn.} 17. O-O (17. Ra4 $5 b5 (17... Nc5 {is also possible, but White has some initiative after} 18. Rxc4 Qxa5 19. O-O) 18. axb6 Qxb6 {with ideas of playing Qb2 and saving the day.}) 17... b5 18. axb6 axb6 19. Ne4 Kg7 20. g4 $1 {An important move to develop White's initiative. The idea is to play Ng3-h5.} Nc5 21. Ng3 Qe5 $1 {The queen comes to protect the king. Gukesh is defending well, but he is already low on time and the position is dangerous.} 22. Rad1 (22. Kh1 {is also interesting, preparing f2-f4 without Black having the check on e3. A possible continuation is} Kh8 23. f4 Qc7 24. f5 {with a complicated fight. Black should now play} Bb7 $1) 22... b5 $1 {This not only protects the c4-pawn but also prepares timely counterplay with b5-b4.} 23. f4 Qe3+ 24. Kh1 Rxd1 25. Qxd1 (25. Rxd1 {Taking with the rook is also possible.} Bb7 26. Bxb7 Nxb7 {Despite how good this looks, White is unable to achieve a winning position.} 27. Nh5+ Kf8 28. Nxf6 (28. Qxh7 Ke7 {Black is also saving the game here.}) 28... Nc5 $1 {There's no decisive continuation for White.}) 25... Nd7 $7 {The only way to protect the pawn on f6.} 26. Bc6 {An interesting idea to remove the important defender. The game becomes chaotic - somehow this always happens in Arjun's games.} (26. f5 {is also dangerous for Black, planning to open the f-file. After} Kh8 $1 {it seems that Black has enough defensive resources, but it still looks very dangerous.}) 26... Rb6 $2 {A miscalculation that leads to a losing position.} (26... b4 $5 {is my favorite move.} 27. cxb4 (27. Bxd7 $2 {loses to} Bb7+) (27. Rf3 Qa7) 27... Rxb4 {The position is insanely complicated. A possible line is} 28. Nh5+ Kh8 29. Qd6 Qb6 {It looks very scary for Black, but the computer shows the typical equal evaluation.}) 27. Nh5+ $1 {The only refutation to Black's previous move.} (27. Bxd7 $4 {loses after} Bb7+ 28. Rf3 Bxf3+ 29. exf3 Qd3 $1) (27. Rf3 $2 Qc5 28. Bxd7 Rd6 29. Nh5+ Kf8 $1 {Now the king can go to the optimal square.}) 27... Kh8 (27... Kf8 $2 {This move can now be met by the deadly} 28. Qd6+) 28. Rf3 Qc5 29. Bxd7 Rd6 30. Qe1 $1 {Accurate play.} (30. Qc2 $2 {is tempting, but backfires:} Bb7 31. Nxf6 $2 Rd3 $1 {a devastating blow that decides the game.}) 30... Bb7 (30... Rxd7 {White wins easily with either 31.Nxf6 or 31.Qh4.} 31. Nxf6 (31. Qh4)) 31. e4 $1 {The queen on e1 protects the pawn and is ready to go to h4.} Rxd7 32. Nxf6 Rd3 33. Qh4 Kg7 34. Rxd3 $6 {This doesn't spoil the win, but there's a cleaner way to finish the game.} (34. g5 $4 {prepares a checkmate, but Black is faster:} Bxe4 $1 35. Nxe4 Rd1+ 36. Kg2 Rg1+ 37. Kh3 Qf5+ {with mate next.}) (34. f5 $1 {is an elegant solution. Now the g5-square becomes available for the queen.} Rd1+ (34... Rxf3 35. Nh5+ Kg8 36. Qg5+ Kf8 37. Qd8#) 35. Kg2 Qg1+ 36. Kh3 {The white king has a good shelter, while the same cannot be said about the black one.}) 34... cxd3 35. Nh5+ Kg8 36. Qd8+ Qf8 37. Qxd3 $6 (37. Nf6+ Kg7 38. Qd4 $1 {is better. After} d2 39. Kg2 d1=Q 40. Nh5+ Kg8 41. Qxd1 Bxe4+ 42. Kg3 {material is equal, but Black is unable to cope with the formidable queen and knight battery.}) 37... f5 $1 {Gukesh fights like a lion to survive.} 38. Qd7 Bxe4+ 39. Kg1 Bd5 40. gxf5 $2 {A mistake that allows an amazing idea for Black.} (40. Qxb5 $1 {is the right move. In case of} fxg4 {White wins with} 41. c4 $1 Be4 42. Qe5 $1 {attacking the bishop and the e6-pawn. After} Bf5 43. c5 $1 {the c-pawn decides the game.}) 40... Qc5+ 41. Kf1 Bc4+ 42. Kg2 Qd5+ $1 {Black finds a miracle escape with this move.} 43. Qxd5 (43. Kf2 {isn't enough for a win:} Qxd7 44. Nf6+ Kf7 45. Nxd7 exf5 46. Ke3 Ke7 {White can still maneuver the knight, but the bishop is able to control everything.}) 43... exd5 44. Kf3 d4 $1 {It's truly impressive how Gukesh managed to achieve a drawn position even though he was on the brink of a precipice. Tenacity in defense is one of the big differences between a strong player and an elite player. That said, the game isn't over yet.} 45. cxd4 b4 {The b-file is there to save Black.} 46. Ke3 Kf7 47. Ng3 Ke7 {The king starts going in the wrong direction.} (47... Kf6 $2 48. Ne4+) (47... Ba2 48. Kd3 (48. Ne4 b3 $1) 48... Kf6 {Black can wait with the king on f6 and there's no winning plan for White.}) 48. Kd2 Kd6 $2 (48... Kf6 $1 {The right place for the king. White can win a piece, but I think it's a draw after} 49. Ne4+ Kxf5 50. Nd6+ Kxf4 51. Nxc4 Ke4 {The d-pawn falls.} 52. Na5 Kxd4 53. Nb3+ Ke4 54. Ke2 Kf4 55. Kf2 Kg4 {and I don't see a winning plan for White.}) 49. Ne4+ {White is winning again.} Kd5 50. Ke3 b3 (50... Ba2 {If Black waits, White can force the pawn to go to b3:} 51. Nc5 Kd6 52. Nd3 b3 {After this the king goes to c3.} 53. Kd2 {with an easy win.}) 51. f6 $2 {With both players in time trouble, adventures are always possible. White should go with the king to c3 and this is possible with both 51.Nc3 and 51.Nf6.} (51. Nc3+ Kd6 52. Nd1 Ke7 53. Kd2 {The king goes to c3 and the knight to e3.}) (51. Nf6+ Kd6 52. Kd2 $1 b2 (52... Ke7 53. Ng4) 53. Kc2 Bd3+ 54. Kxb2 Bxf5 55. Kc3 Ke6 56. Nh5 {with a technical win.}) 51... Ke6 52. f5+ Kd7 53. Kd2 b2 54. Nc5+ Ke8 55. Kc2 Kf7 56. Kxb2 Bf1 $2 {A blunder when the draw was close.} (56... Kxf6 $2 {loses to} 57. Ne4+ {when the pawn cannot be captured.}) (56... Bd5 {prepares to capture the pawn without any knight tricks. Both pawns on the f-file will fall.} 57. Nd7 Be4 {with a draw.}) 57. Ne4 Bg2 58. Ng3 Kxf6 59. h4 $1 {Everything is protected and White is able to keep a two pawn advantage, which is too much.} Bd5 60. Kc3 Ke7 61. Kd3 Kd6 62. Ne4+ 1-0